[Event "1000GM Schev-G3 March 2024"]
[Site "Santa Clara"]
[Date "2024.03.11"]
[Round "5.3"]
[White "Zuluaga Mancilla, Cesar"]
[Black "Champsi, Imran"]
[Result "1-0"]
[ECO "A48"]
[WhiteElo "2217"]
[BlackElo "2057"]
[Annotator "RC"]
[PlyCount "113"]
[EventDate "2024.03.06"]
[EventType "schev"]
[EventCountry "USA"]
[SourceTitle "playchess.com"]
[Source "ChessBase"]
[SourceQuality "1"]
[TimeControl "5400+30"]

1. d4 Nf6 2. Nf3 g6 3. Bf4 d6 4. h3 Bg7 5. e3 O-O 6. Bh2 Nbd7 7. Be2 c5 8. c3 a6 9. Nbd2 b6 10. O-O Bb7 11. Qb3 Rb8 12. a4 Ne8 13. d5 Nc7 14. e4 Kh8 15. c4 f5 16. exf5 Rxf5 17. Bd3 Rf8 18. Qa2 b5 19. b3 Bxa1 20. Qxa1+ Kg8 21. Re1 Nf6 22. Bg3 Bc8 23. axb5 axb5 24. Bh4 Nce8 25. Bg5 Ng7 26. Bh6 Re8 27. Ne4 bxc4 28. bxc4 Rb7 29. g4 Rf8 30. Nfg5 Qb6 31. f4 Ra7 32. Qc1 Qb3 33. Qe3 Qb2 34. Re2 Qa1+ 35. Re1 Qb2 36. Nf2 Re8 37. Nfe4 Nxe4 38. Nxe4 Rf8 39. Ng5 Qf6 40. Ne4 Qd4 41. Qxd4 cxd4 42. Nf2 Rf7 43. Rb1 Rb7 44. Ra1 Rb8 45. Re1 Ne8 46. Re4 Nc7 47. Rxd4 Rb6 48. Re4 e6 49. Re1 exd5 50. cxd5 Bd7 51. Ra1 Re7 52. Ne4 Nxd5 53. Bc4 Rxe4 54. Bxd5+ Re6 55. f5 gxf5 56. gxf5 Kf7 57. Ra7 1-0

[Event "1000GM Schev-G3 March 2024"]
[Site "Santa Clara"]
[Date "2024.03.11"]
[Round "5.4"]
[White "Liu, Patrick"]
[Black "Dominguez Aguilar, Guillermo"]
[Result "1/2-1/2"]
[ECO "A75"]
[WhiteElo "2068"]
[BlackElo "2284"]
[Annotator "TA"]
[PlyCount "65"]
[EventDate "2024.03.06"]
[EventType "schev"]
[EventCountry "USA"]
[SourceTitle "playchess.com"]
[Source "ChessBase"]
[SourceQuality "1"]
[TimeControl "5400+30"]

1. d4 Nf6 2. c4 c5 3. d5 e6 4. Nc3 exd5 5. cxd5 d6 6. e4 a6 7. a4 g6 8. Be2 Bg7 9. Nf3 O-O 10. Be3 Bg4 11. Nd2 Bxe2 12. Qxe2 Re8 13. O-O Nbd7 14. h3 Qe7 15. Rae1 Rab8 {[%emt 0:03:22] White is slightly better.} 16. a5 Qf8 17. g4 b5 18. axb6 Rxb6 19. Nc4 Rb4 (19... Rb3 $14) 20. Bf4 $16 Ne5 21. Bxe5 dxe5 22. Ra1 h5 23. f3 hxg4 24. hxg4 Ra8 25. Ra5 ({Inferior is} 25. Nxe5 Nxe4 26. Nc6 Nxc3 27. bxc3 (27. Ne7+ Qxe7 28. Qxe7 Bd4+ 29. Kg2 Nxd5 $11) 27... Bxc3 $15) (25. Na5 $16) 25... Nd7 26. Rfa1 (26. Na2 $16 Rb5 27. Ra3) 26... Qd8 $14 27. Rxa6 Rxa6 28. Rxa6 Qh4 {[%emt 0:00:50] Black is weak on the light squares} (28... Bh6 $14) 29. Ra8+ Nf8 30. Kg2 {[%emt 0:00:00] Dodges Qg3+. Strongly threatening Na2.} Bh6 $1 31. Ra4 {[%emt 0:00:00] Qf2 would now be deadly. Active counter play!} (31. Na2 $5 Rxc4 32. Qxc4 $11) 31... Bf4 {[%emt 0:03:45] [#] White must now prevent ...Bg3.} 32. Rxb4 Qh2+ 33. Kf1 {[%emt 0:00:00] Black escapes into a draw.   Weighted Error Value: White=0.19 (very precise) /Black=0.15 (very precise) .  Mistake:       	White=2     	Black=2      Inaccurate:     	White=4     	Black=3      OK:         	White=5     	Black=5      Best:        	White=2     	Black=1      Strong:       	---       	Black=1} 1/2-1/2

[Event "1000GM Schev-G3 March 2024"]
[Site "Santa Clara"]
[Date "2024.03.11"]
[Round "5.5"]
[White "Suarez, Sebastian"]
[Black "Blandon Villa, Diego F"]
[Result "1-0"]
[ECO "B78"]
[WhiteElo "2113"]
[BlackElo "2274"]
[Annotator "TA"]
[PlyCount "77"]
[EventDate "2024.03.06"]
[EventType "schev"]
[EventCountry "USA"]
[SourceTitle "playchess.com"]
[Source "ChessBase"]
[SourceQuality "1"]
[TimeControl "5400+30"]

1. e4 c5 2. Nf3 d6 3. d4 cxd4 4. Nxd4 Nf6 5. Nc3 g6 6. Be3 Bg7 7. f3 Nc6 8. Qd2 O-O 9. Bc4 Bd7 10. O-O-O Rc8 11. Bb3 Nxd4 12. Bxd4 b5 13. Nd5 Nxd5 14. Bxg7 Kxg7 15. exd5 a5 {[%emt 0:03:01] [#] aiming for ...a4. White is slightly better.} 16. a3 Qb6 {[%emt 0:03:06] Strongly threatening ...a4.} 17. Rhe1 Rfe8 18. g4 Rc7 19. Re2 a4 (19... Rec8 $14 20. Qf4 (20. Rxe7 $2 a4 $19) 20... Be8) 20. Ba2 $16 Qc5 21. h4 h6 22. Kb1 (22. Rde1 $16) 22... e5 $14 23. dxe6 Bxe6 24. Bxe6 (24. Qxd6 $2 Bxa2+ 25. Kxa2 Rxe2 $19) 24... Rxe6 25. Rxe6 fxe6 $16 {[%emt 0:00:02][%mdl 4096] Endgame. KQR-KQR} 26. h5 {[%emt 0:00:01] And now hxg6 would win.} gxh5 ({Black should try} 26... Rf7) 27. gxh5 (27. Qxd6 Qxd6 (27... Qxc2+ 28. Ka1 $15) 28. Rxd6 h4 29. Rxe6 Rf7 $19) 27... Qxh5 28. Qxd6 Rf7 29. Qxe6 (29. Rg1+ Kh7 $11) 29... Qf5 (29... Kh7 $142 30. Rd6 Qh1+ 31. Ka2 Qh5) 30. Qd6 Kh7 31. Rg1 Rg7 32. Rh1 h5 (32... Rg6 {was necessary.} 33. Qe7+ Rg7) 33. Qc6 Rg6 34. Qe4 Qg5 {[%emt 0:00:57][%mdl 8192] [#] Loses the game.} (34... Rg5 $16 {is more resistant.}) 35. Rd1 $18 Kh6 (35... Qf6 $142 36. Rd5 Kg8 37. Rxb5 (37. Rxh5 Rg1+ 38. Ka2 Rg5 $18) 37... Qf7 38. Rb8+ (38. Rxh5 $2 {leads to mate.} Rg1+) 38... Kg7 39. Qd4+ (39. Qxa4 $2 Rg1#) (39. Qe5+ Qf6 $18) 39... Qf6) 36. Rd5 Qg1+ 37. Ka2 Rg5 38. Qf4 Kg6 39. Rd6+ {[%emt 0:00:59] Weighted Error Value: White=0.09 (flawless) /Black=0.67.  Loses game:     	---       	Black=1      Mistake:       	White=1     	Black=5      OK:         	White=10    	Black=6      Best:        	White=6     	---} 1-0